Map: Tours du crépuscule

Players

zidar

  • Race: Zerg Zerg
  • League: Gold
  • Spawn Location: 1:00

TSDxLukaszZ - Winner!

  • Race: Protoss Protoss
  • League: Silver
  • Spawn Location: 7:00

VOD

Have the link to the VOD?

Description

Time

  • Played on: June 20, 2016, 10:51 a.m.
  • Length: 6:32
Show
View Real Time Build Order
Export as new Build Order

zidar Zerg 

Build Orders: Hatch First 

Get SALT Encoding   

  12  0:02  Drone  
  13  0:12  Overlord  
  13  0:17  Drone  
  14  0:30  Drone x2  
  16  0:51  Hatchery  
  16  0:52  Drone  
  16  0:58  Extractor, Drone  
  16  1:15  Spawning Pool  
  15  1:22  Drone x2  
  17  1:33  Drone  
  17  1:36  Overlord  
  18  1:46  Drone  
  19  2:02  Queen  
  19  2:04  Zergling x4  
  23  2:14  Metabolic Boost  
  23  2:16  Queen  
  23  2:20  Drone  
  26  2:36  Baneling Nest  
  26  2:37  Drone x3  
  28  2:38  Drone  
  29  3:03  Roach Warren  
  29  3:07  Pneumatized Carapace  
  29  3:12  Extractor  
  28  3:13  Drone x6  
  28  3:14  Zergling x2  
  28  3:15  Zergling x2  
  36  3:32  Overlord  
  36  3:33  Overlord x2  
  36  3:58  Drone  
  37  4:05  Drone x9  
  37  4:07  Lair  
  46  4:20  Evolution Chamber  
  45  4:31  Spore Crawler  
  28  5:08  Overseer  
  28  5:11  Spore Crawler  
  27  5:23  Drone x4  
  27  5:24  Drone x5  
  36  5:52  Queen  
  38  5:58  Extractor  
  38  6:00  Extractor, Drone x7  
Show
View Real Time Build Order
Export as new Build Order

TSDxLukaszZ Protoss - Winner!

Build Orders: Oracle Opening 

Get SALT Encoding   

  12  0:00  Probe (Chrono Boost)  
  13  0:11  Probe (Chrono Boost)  
  14  0:18  Pylon  
  14  0:22  Probe (Chrono Boost)  
  15  0:36  Probe (Chrono Boost)  
  15  0:39  Gateway  
  16  0:47  Probe (Chrono Boost)  
  17  0:55  Gateway  
  17  1:06  Probe (Chrono Boost)  
  17  1:11  Assimilator  
  18  1:16  Probe (Chrono Boost)  
  18  1:17  Assimilator  
  19  1:27  Probe (Chrono Boost)  
  19  1:32  Cybernetics Core  
  20  1:37  Probe (Chrono Boost), Pylon  
  21  1:48  Probe (Chrono Boost)  
  22  1:55  Zealot (Chrono Boost)  
  22  1:58  Probe (Chrono Boost)  
  22  1:59  Pylon  
  25  2:14  Stargate  
  25  2:22  Adept (Chrono Boost)  
  27  2:24  Warp Gate (Chrono Boost)  
  27  2:35  Probe  
  28  2:43  Zealot  
  30  2:47  Probe  
  30  2:51  Pylon  
  34  3:00  Oracle (Chrono Boost)  
  34  3:08  Adept  
  36  3:26  Nexus  
  36  3:36  Oracle (Chrono Boost)  
  39  3:45  Adept  
  39  3:46  Adept  
  43  3:55  Pylon  
  43  3:59  Mothership Core (Chrono Boost)  
  45  5:07  Probe (Chrono Boost)  
  46  5:11  Gateway  
  46  5:12  Gateway  
  46  5:14  Gateway  
  46  5:15  Twilight Council  
  46  5:17  Gateway, Probe (Chrono Boost)  
  46  5:18  Adept x2  
  51  5:28  Probe (Chrono Boost)  
  52  5:38  Probe (Chrono Boost)  
  53  5:49  Probe (Chrono Boost)  
  50  5:53  Adept x2  
  50  6:15  Adept  
  50  6:16  Adept  
Tags
 
Add a new tag
Caveats
  • Supply blocks, unpowered buildings, or Contaminate may cause inaccurate times.
  • Supply counts are checked every 10 seconds.